 Dungeon Crawl Stone Soup version 0.17.0-28-g6e173f8 (webtiles) character file.

574 Miyamura the Poker (level 7, -1/55 HPs)
             Began as a Merfolk Berserker on Nov 29, 2015.
             Was a Priest of Trog.
             Killed by divine providence
             ... invoked by an orc priest
              (13 damage)
             ... on level 5 of the Dungeon.
             The game lasted 00:10:03 (4597 turns).

Miyamura the Poker (Merfolk Berserker)              Turns: 4597, Time: 00:10:04

Health: -1/55      AC:  4    Str: 17    XL:     7   Next: 35%
Magic:  7/7        EV: 14    Int:  9    God:    Trog [***...]
Gold:   216        SH:  0    Dex: 13    Spells: 0 memorised, 6 levels left

rFire  . . .     SeeInvis +     a - +0 spear
rCold  . . .     Clarity  .     h - +0 leather armour
rNeg   . . .     SustAt   .     (no shield)
rPois  .         Gourm    .     r - +0 helmet
rElec  .         Spirit   .     (no cloak)
rCorr  .         Warding  .     (no gloves)
rMut   .         Stasis   .     (no boots)
MR     .....                    (no amulet)
Stlth  +++.......               l - ring of stealth
                                b - ring of see invisible

@: exhausted, slowed, very slow, not resistant to hostile enchantments, fairly
stealthy
A: change form in water, swift swim
a: Berserk, Trog's Hand, Burn Spellbooks, Renounce Religion


You were on level 5 of the Dungeon.
You worshipped Trog.
Trog was most pleased with you.
You were very hungry.

You visited 2 branches of the dungeon, and saw 6 of its levels.

You collected 216 gold pieces.

Inventory:

Hand Weapons
 a - a +0 spear (weapon)
Armour
 h - a +0 leather armour (worn)
 r - a +0 helmet (worn)
Jewellery
 b - a ring of see invisible (left hand)
 l - a ring of stealth (right hand)
Scrolls
 i - 3 scrolls of remove curse
 n - a scroll of blinking
 s - a scroll of amnesia {unknown}
 w - a scroll of recharging
 x - a scroll of noise {unknown}
Potions
 d - 2 potions of heal wounds
 e - a potion of lignification
 k - a potion of experience {unknown}
 m - 2 potions of brilliance
 o - a potion of cancellation
 t - a potion of flight {unknown}
 u - a potion of agility {unknown}
 v - a potion of curing {unknown}
Comestibles
 c - 2 bread rations
 f - a slice of pizza
 g - 4 meat rations
 j - 3 royal jellies
 p - 4 chunks of flesh


   Skills:
 + Level 4.7 Fighting
 + Level 6.4 Polearms
 + Level 2.9 Armour
 + Level 5.4 Dodging
 + Level 3.9 Stealth


You had 6 spell levels left.
You didn't know any spells.

Dungeon Overview and Level Annotations

Branches:
Dungeon (5/15)             Temple (1/1) D:4

Altars:
Ashenzari
Dithmenos
Elyvilon
Gozag
Kikubaaqudgha
Makhleb
Nemelex Xobeh
Okawaru
Qazlal
Ru
Sif Muna
Trog
Vehumet
Xom
Yredelemnul
Zin
The Shining One

Shops:
D:4 *


Message History

The orc barely misses you.
The orc wizard casts a spell.
The orc wizard flickers and vanishes for a moment.
The orc completely misses you. The orc hits you but does no damage.
You are feeling very hungry.
You open the door. The orc misses you. The orc wizard barely misses you.
The orc priest shouts!
The orc hits you with a flail.
The orc priest mumbles some strange prayers to Beogh against you.
Something smites you!
There is an open door here.
The orc hits you with a flail.
The orc priest invokes the aid of Beogh against you.
Something smites you!
* * * LOW HITPOINT WARNING * * *
The orc misses you.
The orc priest calls down the wrath of Beogh upon you.
Something smites you!
You die...

##...##+##...#
.............+
.............# .>.
#.............# ...
#.............# ..
.............# ## #.
.............# ... #.####
##..##.##.<.# .... +§....
#..##.##.@.##.... #§§§§§
+......#oo....... #§§§§o
#..).).+......... ###§##
#..))..#.o.##.... #.§§#
#......#..o##########))÷#
#...).##....'......#.o..#
##.....##...##...o..#..).+
#......##...##......'....#
#...........##......##...#


You could see an orc priest, 2 orc wizards and an orc.

Vanquished Creatures
  A black bear (D:4)
  An orc priest (D:3)
  3 crimson imps (D:5)
  4 orc wizards
  2 worker ants (D:5)
  A gnoll (D:1)
  5 adders
  An ooze (D:2)
  4 worms
  13 orcs
  12 bats
  10 goblins
  6 hobgoblins
  3 jackals (D:3)
  6 kobolds
  A quokka (D:4)
  A ball python (D:1)
  3 giant cockroaches
  5 giant geckos
  6 giant newts
  15 rats
103 creatures vanquished.

Notes
Turn   | Place    | Note
--------------------------------------------------------------
     0 | D:1      | Miyamura the Merfolk Berserker began the quest for the Orb.
     0 | D:1      | Reached XP level 1. HP: 18/18 MP: 1/1
   108 | D:1      | Reached XP level 2. HP: 21/24 MP: 2/2
   147 | D:1      | Reached skill level 1 in Stealth
   692 | D:2      | Reached XP level 3. HP: 15/29 MP: 3/3
   898 | D:2      | Reached ** piety under Trog
  1504 | D:2      | Reached XP level 4. HP: 24/35 MP: 4/4
  2135 | D:1      | Reached skill level 5 in Polearms
  2372 | D:3      | Found a white marble altar of Elyvilon.
  2413 | D:3      | Reached XP level 5. HP: 42/42 MP: 5/5
  2455 | D:3      | Reached *** piety under Trog
  3118 | D:3      | Found a sparkling altar of Nemelex Xobeh.
  3295 | D:4      | Found a shadowy altar of Dithmenos.
  3435 | D:4      | Found Kat Raudd's Assorted Antiques.
  3575 | D:4      | Found a staircase to the Ecumenical Temple.
  3610 | Temple   | Entered the Ecumenical Temple
  4064 | D:4      | Reached XP level 6. HP: 48/48 MP: 6/6
  4190 | D:4      | Noticed a black bear
  4205 | D:4      | Killed a black bear
  4205 | D:4      | Reached skill level 5 in Dodging
  4317 | D:5      | Entered Level 5 of the Dungeon
  4324 | D:5      | Reached skill level 6 in Polearms
  4422 | D:5      | Reached XP level 7. HP: 50/55 MP: 7/7
  4597 | D:5      | Killed from afar by an orc priest

Action                   |  1- 3 |  4- 6 |  7- 9 || total
-------------------------+-------+-------+-------++-------
Melee: Spear             |   158 |   216 |    27 ||   401
Invok: Berserk           |     1 |     7 |     2 ||    10
  Use: Scroll            |     1 |     2 |     6 ||     9
       Potion            |     1 |       |       ||     1
 Stab: Sleeping          |     5 |     7 |       ||    12
  Eat: Chunk             |     3 |    15 |     3 ||    21
